 Dungeon Crawl Stone Soup version 0.30.0-29-ga12c61a403 (webtiles) character file.

Game seed: 11441063933810278002

432718 cheesebisquit the Wrestler (level 22, -10/227 HPs)
             Began as a Troll Fighter on June 5, 2023.
             Was the Champion of Wu Jian.
             Killed from afar by a tengu reaver (42 damage)
             ... with a bolt of fire
             ... led by Sojobo
             ... on level 3 of the Crypt.
             The game lasted 04:38:19 (57522 turns).

cheesebisquit the Wrestler (Troll Fighter)         Turns: 57522, Time: 04:38:20

Health: -10/227    AC: 13    Str: 30    XL:     22   Next: 87%
Magic:  25/25      EV: 12    Int: 18    God:    Wu Jian [******]
Gold:   1756       SH: 17    Dex:  9    Spells: 14/27 levels left

rFire   . .          .
                       - Unarmed
rCold   + + +        b - +5 kite shield {reflect}
rNeg    + . .        c - +4 skin of Zhor {*Englaciate rC+++ SInv}
rPois   .            f - +2 hat
rElec   .            e - +2 cloak {Will+}
rCorr   .            (gloves unavailable)
SInv    +            (boots unavailable)
Will    ++...        S - amulet of regeneration
Stlth   +            x - ring of positive energy
HPRegen 2.17/turn    H - +6 ring of intelligence
MPRegen 0.19/turn

%: reflection
@: studying Air Magic
A: large, unfitting armour, claws 3, regeneration 1, shaggy fur 1, tough skin 1
}: 2/15 runes: decaying, serpentine
a: Renounce Religion, Wall Jump, Serpent's Lash, Heavenly Storm


You were on level 3 of the Crypt.
You worshipped Wu Jian.
Wu Jian was exalted by your worship.
You visited 9 branches of the dungeon, and saw 41 of its levels.
You visited the Abyss 1 time.
You visited 1 bazaar.
You also visited: Bailey, Ice Cave and Wizlab.

You collected 5179 gold pieces.
You spent 3423 gold pieces at shops.

Inventory:

Hand Weapons
 Z - a +9 giant spiked club of flaming
Missiles
 d - 5 atropa-tipped darts
 h - 17 poisoned darts
 i - 6 curare-tipped darts
 t - 52 large rocks (quivered)
 G - 8 throwing nets
 W - 5 datura-tipped darts
Armour
 b - a +5 kite shield of reflection (worn)
 c - the +4 skin of Zhor (worn) {*Englaciate rC+++ SInv}
   (You found it on level 8 of the Dungeon)

   *Englaciate: It radiates cold, occasionally slowing all nearby creatures who
   are not resistant to cold.
   rC:        It renders you almost immune to cold.
   SInv:      It lets you see invisible.
 e - a +2 cloak of willpower (worn)
 f - a +2 hat (worn)
Magical Staves
 C - a staff of earth
Jewellery
 w - the ring "Etovuemi" {rF+ Str+6 Dex+2}
   (You found it on level 10 of the Dungeon)

   [ring of strength]

   Str:       It affects your strength (+6).
   Dex:       It affects your dexterity (+2).
   rF:        It protects you from fire.
 x - a ring of positive energy (left claw)
 E - the ring "Tyopuecad" {rElec rPois Dex+4}
   (You bought it in a shop on level 1 of the Snake Pit)

   [ring of poison resistance]

   Dex:       It affects your dexterity (+4).
   rElec:     It insulates you from electricity.
   rPois:     It protects you from poison.
 H - a +6 ring of intelligence (right claw)
 S - an amulet of regeneration (around neck)
Wands
 a - a wand of flame (122)
 F - a wand of roots (54)
 I - a wand of digging (5)
 L - a wand of charming (52)
 P - a wand of polymorph (36)
 X - a wand of mindburst (37)
 Y - a wand of light (18)
Scrolls
 g - 18 scrolls of teleportation
 l - 4 scrolls of butterflies
 m - 7 scrolls of fear
 q - 8 scrolls of immolation
 u - 6 scrolls of poison
 y - 6 scrolls of vulnerability
 z - a scroll of magic mapping
 D - 2 scrolls of fog
 K - 2 scrolls of torment
 Q - 2 scrolls of blinking
 T - a scroll of enchant armour
Potions
 k - 9 potions of flight
 o - 4 potions of invisibility
 p - 11 potions of lignification
 r - 4 potions of berserk rage
 s - 11 potions of curing
 v - 5 potions of ambrosia
 A - 5 potions of cancellation
 B - 4 potions of haste
 N - 9 potions of brilliance
 O - 5 potions of attraction
 R - 7 potions of mutation
 U - 4 potions of might
 V - 6 potions of resistance
Miscellaneous
 j - a phial of floods
 n - a condenser vane
 M - a phantom mirror


   Skills:
 + Level 15.1 Fighting
 - Level 9.9 Dodging
 + Level 14.5 Shields
 * Level 22.8 Unarmed Combat
 - Level 3.3 Spellcasting
 + Level 14.2 Transmutations
 + Level 18.6 Earth Magic


You had 14 spell levels left.
You knew the following spells:

 Your Spells              Type           Power      Damage    Failure   Level
a - Statue Form           Tmut/Erth      38%        N/A       3%          6
b - Blink                 Tloc           4%         N/A       32%         2
c - Apportation           Tloc           4%         N/A       22%         1
d - Lesser Beckoning      Tloc           4%         N/A       32%         2
e - Passwall              Tmut/Erth      48%        N/A       1%          2

Your spell library contained the following spells:

 Spells                   Type           Power      Damage    Failure   Level
 Sandblast                Erth           100%       2d20      0%          1
 Sting                    Tmut/Pois      100%       1d8       1%          1
 Stone Arrow              Conj/Erth      72%        3d11      1%          3
 Blade Hands              Tmut           26%        N/A       1%          5
 Lee's Rapid Deconstruct  Erth           31%        3d16*     1%          5
 Animate Armour           Summ/Erth      72%        N/A       4%          4
 Leda's Liquefaction      Hex/Erth       18%        N/A       4%          4
 Ignite Poison            Fire/Tmut/Pois 20%        N/A       10%         3
 Ice Form                 Ice/Tmut       28%        N/A       12%         4
 Borgnjor's Vile Clutch   Necr/Erth      18%        N/A       13%         5
 Kiss of Death            Conj/Necr      8%         2d6       22%         1
 Magic Dart               Conj           8%         1d3       22%         1
 Necrotise                Necr           8%         1d4       22%         1
 Shock                    Conj/Air       8%         1d3       22%         1
 Summon Small Mammal      Summ           8%         N/A       22%         1
 Call Imp                 Summ           4%         N/A       32%         2
 Poisonous Vapours        Pois/Air       4%         N/A       32%         2
 Scorch                   Fire           4%         2d5       32%         2
 Alistair's Intoxication  Tmut/Pois      18%        N/A       32%         5
 Yara's Violent Unravell  Hex/Tmut       14%        3d7       32%         5
 Call Canine Familiar     Summ           2%         N/A       54%         3
 Confusing Touch          Hex            2%         N/A       54%         3
 Dazzling Flash           Conj/Hex       4%         N/A       54%         3
 Gell's Gravitas          Tloc           2%         N/A       54%         3
 Hailstorm                Conj/Ice       2%         3d3       54%         3
 Mephitic Cloud           Conj/Pois/Air  2%         N/A       54%         3
 Summon Guardian Golem    Hex/Summ       2%         N/A       54%         3
 Swiftness                Air            2%         N/A       54%         3
 Teleport Other           Tloc           2%         N/A       54%         3
 Tukima's Dance           Hex            2%         N/A       54%         3
 Vampiric Draining        Necr           2%         2d6       54%         3
 Iron Shot                Conj/Erth      18%        9d4       58%         6
 Eringya's Noxious Bog    Tmut/Pois      14%        N/A       87%         6
 Airstrike                Air            1%         2d(1-17)  91%         4
 Dispel Undead            Necr           2%         3d7       91%         4
 Flame Wave               Conj/Fire      2%         2d4       91%         4
 Manifold Assault         Tloc           2%         N/A       91%         4
 Olgreb's Toxic Radiance  Pois           2%         N/A       91%         4
 Passage of Golubria      Tloc           2%         N/A       91%         4
 Sticky Flame             Conj/Fire      2%         2d3       91%         4
 Summon Ice Beast         Ice/Summ       2%         N/A       91%         4
 Agony                    Necr           2%         N/A       99%         5
 Freezing Cloud           Conj/Ice/Air   1%         6-21      99%         5
 Silence                  Hex/Air        1%         N/A       99%         5
 Summon Forest            Summ/Tloc      1%         N/A       99%         5
 Summon Mana Viper        Hex/Summ       2%         N/A       99%         5
 Simulacrum               Ice/Necr       1%         N/A       100%        6
 Summon Cactus Giant      Summ           1%         N/A       100%        6
 Storm Form               Tmut/Air       14%        N/A       100%        7
 Ignition                 Fire           1%         3d3       100%        8


Dungeon Overview and Level Annotations

Branches:
Dungeon (15/15)            Temple (1/1) D:6            Lair (5/5) D:8
  Swamp (4/4) Lair:2        Snake (4/4) Lair:2        Slime (0/5) Lair:4
    Orc (2/2) D:12            Elf (3/3) Orc:2        Vaults (4/5) D:13
  Crypt (3/3) Vaults:3     Depths (0/4) D:15         Bailey (visited)
  IceCv (visited)          WizLab (visited)
   Tomb: Crypt:3

Altars:
Ashenzari
Cheibriados
Dithmenos
Elyvilon
Fedhas
Gozag
Hepliaklqana
Kikubaaqudgha
Makhleb
Nemelex Xobeh
Okawaru
Qazlal
Ru
Sif Muna
Trog
Uskayaw
Vehumet
Wu Jian
Xom
Yredelemnul
Zin
The Shining One

Shops:
D:3 (   D:4 [   D:10 =   Orc:1 :   Orc:2 :*?(   Elf:2 [[*(   Elf:3 *
Snake:1 =::   Snake:2 *   Vaults:1 *   Vaults:3 [

Portals:
Abyss: D:5

Annotations:
Snake:3 1 transporter
Vaults:2 2 transporters, exclusion: orange crystal statue
Crypt:3 Sojobo


Innate Abilities, Weirdness & Mutations

You are too large for most types of armour.
You have claws for hands.
Your natural rate of healing is unusually fast.
You are covered in fur. (AC +1)
You have tough skin. (AC +1)


Message History

The +4 skin of Zhor {*Englaciate rC+++ SInv} unmelds from your body.
The air elemental fires a burst of electricity at you.
The stunning burst hits the air elemental.
The air elemental completely resists.
The stunning burst hits you!
You shrug off the repeated paralysis!
Sojobo waves her feathered arms in wide circles.
The air twists around and strikes you!!
The air elemental fires a burst of electricity at you.
The stunning burst hits you but does no damage.
You shrug off the repeated paralysis!
The air elemental fires a burst of electricity at you.
The stunning burst hits you!
You shrug off the repeated paralysis!
The air elemental fires a burst of electricity at you.
The stunning burst hits you.
You shrug off the repeated paralysis!
Sojobo casts a spell at you. The bolt of lightning hits you!!
Sojobo waves her feathered arms in wide circles.
The air twists around and strikes you!
The air elemental hits you but does no damage.
The tengu reaver gestures at you while chanting.
The bolt of lightning hits the air elemental.
The air elemental completely resists.
The bolt of lightning hits you!!
* * * LOW HITPOINT WARNING * * *
The air elemental misses you.
You hear a hideous shriek!
Blink to where?
Press: ? - help, Dir - move target, p - Sojobo
As you read the scroll of blinking, it crumbles to dust.
Sojobo is no longer moving quickly.
The air elemental fires a burst of electricity at you.
The stunning burst misses you. You block the tengu reaver's attack. x3
Sojobo waves her feathered arms in wide circles.
The air twists around and strikes you!!
* * * LOW HITPOINT WARNING * * *
You feel much better.
The air elemental fires a burst of electricity at you.
The stunning burst misses you.
The tengu reaver gestures at you while chanting.
The bolt of fire hits you!!!
You die...

##.#....# #...##.#### #.#.####
#.####.# #.#.# #.# #.# ##.#.# #.#
#.# ##.#.#### #.# #.# ##.#....#
#.# #.# ##.[....# #.# #.# #####
##......# #.# ##.## ###...#
##....#####.###.@Q###.....#######
...#.............................
................E.)..............
.....#......#...Q##########.#....
##...#......###.E................
##....##....# #..................
##...)#####.# #..################
##....# #.###.§#≈≈§z§≈≈≈§§§≈≈≈§
####### #......#≈≈≈§≈≈§≈≈≈≈≈≈≈≈


You could see Sojobo (repels missiles), a tengu reaver (reflecting) and 2 air
elementals.

Vanquished Creatures
  An ancient lich (WizLab)
  Bai Suzhen (Swamp:4)
  Vashnia (Snake:3)
  Saint Roka (Crypt:2)
  Nikola (Vaults:2)
  A bone dragon (Crypt:1)
  A Tzitzimitl (Crypt:1)
  3 doom hounds
  Grunn (Crypt:2)
  Jorgrun (D:15)
  A lich (Vaults:2)
  2 deep elf master archers (Elf:3)
  Rupert (Orc:2)
  2 deep elf blademasters (Elf:3)
  Frances (Swamp:2)
  5 ancient champions
  4 sphinxes
  Kirke (Lair:2)
  3 revenants
  A thorn hunter (Swamp:4)
  2 tengu reavers
  Donald (Orc:2)
  4 nagarajas (Snake:4)
  A fenstrider witch (Swamp:3)
  2 frost giants (IceCv)
  7 vault wardens
  Aizul (Snake:1)
  Louise (Snake:1)
  4 deep elf sorcerers
  3 deep elf elementalists (Elf:3)
  A curse skull (Crypt:3)
  4 orc warlords
  19 ironbound preservers
  7 ghouls
  5 very ugly things (Vaults:4)
  4 war gargoyles
  3 vampire knights
  A caustic shrike skeleton (Crypt:3)
  The ghost of middlethird the Carver, a journeyman VSAE of Cheibriados (Snake:3)
  9 ironbound thunderhulks
  8 deep elf demonologists
  4 deep elf annihilators
  4 eleionomae
  5 dire elephants
  2 bunyips
  7 eidola
  A white draconian (IceCv)
  Snorg (Orc:1)
  A crystal guardian (Vaults:4)
  An ettin (Orc:2)
  9 deep elf death magi
  8 deep elf high priests (Elf:3)
  A shambling mangrove (Swamp:3)
  The ghost of Luopp the Cleaver, a journeyman MiFi of Ru (Orc:1)
  5 great orbs of eyes
  Harold (Lair:1)
  9 yaktaur captains
  10 jiangshi
  An entropy weaver (Vaults:3)
  6 vault guards
  Josephine (Orc:1)
  22 hydras
  An Orb Guardian zombie (Crypt:1)
  A salamander tyrant (Snake:2)
  An ice dragon (IceCv)
  19 two-headed ogres
  A spriggan air mage (Swamp:1)
  Erica (Lair:1)
  3 ogre magi
  A deep troll shaman (Lair:5)
  2 peacekeepers (Vaults:4)
  10 ironbound frosthearts
  6 boulder beetles
  13 centaur warriors
  14 death yaks
  5 anacondas
  4 catoblepae
  4 death knights
  7 alligators
  4 vampire magi
  20 naga warriors
  28 dancing weapons
  A tengu warrior (D:14)
  An orc high priest (Orc:2)
  2 spriggan berserkers (Swamp:1)
  14 naga sharpshooters
  9 shock serpents
  20 deep elf knights
  A titan skeleton (Crypt:3)
  A soul eater (Crypt:2)
  3 salamander mystics
  2 shadow wraiths (Crypt:2)
  A sixfirhy (Abyss:2)
  52 skeletal warriors
  8 spriggan druids
  A spark wasp zombie (Crypt:1)
  A golden dragon zombie (D:15)
  3 skysharks
  3 goliath frogs (Swamp:3)
  5 sea snakes (Snake:4)
  59 deep trolls
  A glowing orange brain (Vaults:2)
  5 large abominations (Elf:1)
  6 naga ritualists
  13 phantasmal warriors
  2 flayed ghosts
  7 bog bodies
  An orange crystal statue (IceCv)
  5 wizards
  17 ironbound convokers
  7 swamp dragons
  14 lindwurms
  4 necromancers
  9 deep elf archers
  27 deep elf zephyrmancers
  12 orc knights
  A will-o-the-wisp (Swamp:1)
  2 oklob plants (Lair:4)
  Pikel (D:6)
  8 mana vipers
  34 deep elf pyromancers
  12 salamanders
  A stone giant zombie (D:15)
  37 ugly things
  7 cyclopes
  A sphinx skeleton (Crypt:1)
  9 orc sorcerers
  3 manticores
  Joseph (D:8)
  An apocalypse crab (Abyss:2)
  17 naga magi
  17 elephants
  7 guardian serpents
  21 black mambas
  Maurice (Orc:1)
  18 vault sentinels
  An ice statue (Snake:2)
  An unseen horror (D:11)
  A gargoyle (D:14)
  A red draconian zombie (Crypt:2)
  10 cane toads
  31 yaktaurs
  12 komodo dragons
  A tormentor (Crypt:2)
  A tengu conjurer (D:14)
  A spectral naga (Snake:2)
  An efreet (D:13)
  5 freezing wraiths
  21 rime drakes
  An unseen horror skeleton (Crypt:3)
  A yaktaur skeleton (Vaults:4)
  6 trolls
  18 polar bears
  5 tyrant leeches
  6 saltlings (Orc:2)
  A spriggan zombie (D:15)
  A harpy skeleton (Crypt:3)
  20 hornets
  A death drake zombie (Crypt:1)
  16 blink frogs
  A dream sheep (shapeshifter) (D:14)
  21 slime creatures
  4 air elementals
  3 flying skulls (Crypt:1)
  4 water elementals
  24 spriggans
  12 wraiths
  6 fire elementals
  5 vampires
  An ettin skeleton (Crypt:3)
  A wind drake zombie (Crypt:2)
  28 yaks
  6 wyverns
  4 basilisks
  A shadow (D:10)
  3 hogs (Lair:2)
  A redback (Vaults:3)
  19 vampire mosquitoes
  45 nagas
  A glowing shapeshifter zombie (D:15)
  22 swamp worms
  7 wargs
  5 two-headed ogre zombies (WizLab)
  An acid dragon (D:13)
  A glowing shapeshifter skeleton (Vaults:4)
  21 water moccasins
  A cane toad zombie (Crypt:3)
  A fire bat skeleton (Crypt:2)
  Duvessa (D:6)
  8 swamp drakes
  A deep troll skeleton (Crypt:2)
  30 orc warriors
  6 black bears
  A hornet zombie (Crypt:2)
  A lindwurm zombie (Crypt:1)
  10 wolves
  9 centaurs
  14 ogres
  3 lemures (D:6)
  2 phantoms
  3 kobold brigands
  An elephant skeleton (Crypt:2)
  11 bullfrogs
  5 earth elementals
  A gnoll sergeant (D:12)
  4 scorpions
  A komodo dragon skeleton (Crypt:1)
  A human skeleton (Vaults:4)
  A necrophage (Crypt:1)
  12 small abominations
  10 wights
  A water moccasin skeleton (Crypt:3)
  Dowan (D:6)
  8 troll zombies (WizLab)
  A polar bear zombie (Crypt:2)
  15 killer bees
  3 electric eels
  7 howler monkeys
  A lava snake (Lair:4)
  A crimson imp (Orc:1)
  A hound (D:5)
  6 jellies
  11 orc priests
  A gnoll bouda (D:9)
  An iron imp (Orc:1)
  3 sleepcaps
  4 iguanas
  27 orc wizards
  A boggart skeleton (Crypt:2)
  A deep dwarf zombie (Crypt:1)
  4 ogre zombies (WizLab)
  Robin (D:2)
  25 gnolls
  5 adders
  A shadow imp (Orc:1)
  2 white imps
  An ufetubus (D:7)
  A worm (D:2)
  The ghost of Charmandara the Sneak, a weakling TeDe (D:5)
  2 dart slugs (D:2)
  94 orcs
  5 ball pythons
  A bat skeleton (Crypt:3)
  4 endoplasms
  2 giant cockroaches (D:2)
  18 goblins
  7 hobgoblins
  2 jackals (D:3)
  4 quokkas
  A ball python zombie (Crypt:2)
  A bat (D:1)
  5 frilled lizards
  A frilled lizard skeleton (Crypt:2)
  A hobgoblin skeleton (Crypt:1)
  27 kobolds
  3 rats
  A river rat zombie (Crypt:1)
1744 creatures vanquished.

Vanquished Creatures (others)
  A deep elf blademaster (Elf:3)
  2 deep elf pyromancers
  A deep elf zephyrmancer (Elf:1)
  A naga mage (Snake:4)
  3 bloated husks
  A flying skull (Crypt:1)
  A small abomination (Elf:1)
  An orc wizard (Orc:1)
  A white imp (Orc:1)
  2 orcs (Orc:1)
  8 foxfires (Swamp:1)
22 creatures vanquished.

Grand Total: 1766 creatures vanquished

Notes
Turn   | Place    | Note
-------+----------+-------------------------------------------
     0 | D:1      | cheesebisquit the Troll Fighter began the quest for the
                  | Orb.
     0 | D:1      | Reached XP level 1. HP: 22/22 MP: 0/0
   271 | D:1      | Reached XP level 2. HP: 29/29 MP: 1/1
  1849 | D:2      | Reached XP level 3. HP: 36/36 MP: 2/2
  1898 | D:2      | Reached skill level 3 in Unarmed Combat
  1905 | D:2      | Noticed Robin
  1934 | D:2      | Killed Robin
  1989 | D:2      | Reached XP level 4. HP: 44/44 MP: 3/3
  1989 | D:2      | Found an ornate altar of the Wu Jian Council.
  2010 | D:2      | Became a worshipper of the Wu Jian Council
  2622 | D:3      | Found Zoemahaa's Weapon Boutique.
  2825 | D:3      | Found a blossoming altar of Fedhas.
  2858 | D:3      | Reached skill level 4 in Unarmed Combat
  2858 | D:3      | Reached XP level 5. HP: 53/53 MP: 4/4
  2942 | D:3      | Reached * piety under Wu Jian
  3388 | D:4      | Found Gipunuos's Armour Emporium.
  3464 | D:4      | Found a radiant altar of Vehumet.
  3520 | D:4      | Found a burning altar of Makhleb.
  3520 | D:4      | Noticed a balrug
  3823 | D:4      | Found a sacrificial altar of Ru.
  4074 | D:5      | Entered Level 5 of the Dungeon
  4079 | D:5      | Noticed an orc warrior
  4179 | D:5      | Noticed a water moccasin
  4188 | D:5      | Killed a water moccasin
  4189 | D:5      | Reached skill level 5 in Unarmed Combat
  4189 | D:5      | Reached XP level 6. HP: 56/61 MP: 5/5
  4290 | D:5      | Reached XP level 7. HP: 66/68 MP: 6/6
  4296 | D:5      | Noticed a small abomination
  4300 | D:5      | Found a transporter.
  4316 | D:5      | Found a transporter.
  4324 | D:5      | Found a one-way gate to the infinite horrors of the Abyss.
  4324 | D:5      | Noticed Charmandara's ghost (weakling TeDe)
  4349 | D:5      | Reached skill level 6 in Unarmed Combat
  4371 | D:5      | Found a glowing silver altar of Zin.
  4429 | D:5      | Learned a level 6 spell: Statue Form
  4867 | D:6      | Identified the ring of Asumemeu {rF+ rC+}
  4924 | D:6      | Noticed a wyvern
  4931 | D:5      | Killed a wyvern
  4932 | D:5      | Reached skill level 5 in Shields
  4932 | D:5      | Reached XP level 8. HP: 79/79 MP: 7/7
  4988 | D:6      | Reached skill level 7 in Unarmed Combat
  5082 | D:6      | Noticed Dowan
  5082 | D:6      | Noticed Duvessa
  5118 | D:7      | Reached ** piety under Wu Jian
  5194 | D:7      | Reached skill level 5 in Fighting
  5232 | D:7      | Reached skill level 8 in Unarmed Combat
  5519 | D:6      | Found a staircase to the Ecumenical Temple.
  5694 | D:6      | Killed Duvessa
  5695 | D:6      | Reached XP level 9. HP: 73/88 MP: 8/8
  5699 | D:6      | Killed Dowan
  6074 | D:7      | Noticed Pikel
  6157 | D:6      | Killed Pikel
  6158 | D:6      | Reached skill level 9 in Unarmed Combat
  6469 | D:7      | Found an iron altar of Okawaru.
  6650 | D:7      | Found a sparkling altar of Nemelex Xobeh.
  6817 | D:8      | Reached *** piety under Wu Jian
  6835 | D:8      | Found the +4 skin of Zhor {*Englaciate rC+++ SInv}
  6882 | D:8      | Paralysed by a hornet for 2 turns
  6889 | D:8      | Reached skill level 10 in Unarmed Combat
  7133 | D:8      | Noticed a rime drake
  7134 | D:8      | Noticed a rime drake
  7134 | D:8      | Noticed a rime drake
  7201 | D:8      | Reached XP level 10. HP: 90/100 MP: 9/9
  7225 | D:8      | Found a staircase to the Lair.
  7292 | D:8      | Noticed Joseph
  7302 | D:8      | Killed Joseph
  7356 | D:8      | Reached skill level 11 in Unarmed Combat
  7427 | D:8      | Found an ancient bone altar of Kikubaaqudgha.
  7470 | D:8      | Found a bloodstained altar of Trog.
  7470 | D:8      | Found a hide-covered altar of Uskayaw.
  7725 | D:9      | Noticed a two-headed ogre
  7725 | D:9      | Noticed a two-headed ogre
  7736 | D:9      | Killed a two-headed ogre
  7738 | D:9      | Killed a two-headed ogre
  7738 | D:9      | Reached **** piety under Wu Jian
  7845 | D:9      | Reached skill level 12 in Unarmed Combat
  7845 | D:9      | Reached XP level 11. HP: 46/109 MP: 10/10
  7857 | D:9      | HP: 5/109 [poisoned by a hornet]
  8294 | D:9      | Found a broken altar of Ashenzari.
  8298 | D:9      | Saw a vision of the Swamp and the Snake Pit.
  8298 | D:9      | Noticed a naga warrior
  8298 | D:9      | Noticed an anaconda
  8298 | D:9      | Noticed an eleionoma
  8298 | D:9      | Noticed a goliath frog
  8298 | D:9      | Noticed a goliath frog
  8299 | D:9      | Noticed an alligator
  8299 | D:9      | Noticed an anaconda
  8537 | D:9      | Found the +12 pair of quick blades "Gyre" and "Gimble"
                  | {protect}
  8641 | D:10     | Entered Level 10 of the Dungeon
  8668 | D:10     | Identified the +0 quarterstaff of Tuigruh {drain, rN+}
  8754 | D:10     | Found a stormy altar of Qazlal.
  8839 | D:10     | Noticed a two-headed ogre
  8848 | D:10     | Killed a two-headed ogre
  8914 | D:10     | Identified the ring "Etovuemi" {rF+ Str+6 Dex+2}
  9087 | D:10     | Found a flagged portal.
  9099 | D:10     | Reached ***** piety under Wu Jian
  9111 | Bailey   | Entered a bailey
  9213 | Bailey   | Noticed an orc knight
  9228 | Bailey   | Killed an orc knight
  9461 | D:10     | Found Obeunon's Jewellery Boutique.
  9490 | D:10     | Identified the +6 short sword of Suosil {venom, rPois Str+3
                  | Int+4}
  9516 | D:10     | Noticed a two-headed ogre
  9522 | D:10     | Killed a two-headed ogre
  9743 | D:10     | Identified the +4 scimitar of Fucaaj {elec, rElec Int+3}
  9915 | D:11     | Noticed a two-headed ogre
  9924 | D:11     | Killed a two-headed ogre
 10023 | D:11     | Learned a level 2 spell: Blink
 10036 | D:11     | Noticed a two-headed ogre
 10044 | D:11     | Killed a two-headed ogre
 10045 | D:11     | Reached skill level 13 in Unarmed Combat
 10548 | D:11     | Noticed a two-headed ogre
 10558 | D:11     | Killed a two-headed ogre
 10559 | D:11     | Reached skill level 5 in Dodging
 11138 | D:12     | Noticed a two-headed ogre
 11148 | D:12     | Killed a two-headed ogre
 11430 | D:12     | Reached XP level 12. HP: 118/122 MP: 11/11
 11480 | D:12     | Noticed a two-headed ogre
 11494 | D:12     | Killed a two-headed ogre
 11844 | D:12     | Found a staircase to the Orcish Mines.
 12152 | D:12     | Noticed a two-headed ogre
 12163 | D:12     | Killed a two-headed ogre
 12820 | Lair:1   | Entered Level 1 of the Lair of Beasts
 13153 | Lair:1   | Noticed a catoblepas
 13163 | Lair:1   | Killed a catoblepas
 13164 | Lair:1   | Reached skill level 14 in Unarmed Combat
 13320 | Lair:1   | Noticed Harold
 13337 | Lair:1   | Killed Harold
 13464 | Lair:1   | Noticed Erica
 13469 | Lair:1   | Killed Erica
 14216 | Lair:2   | Found a staircase to the Swamp.
 14230 | Lair:2   | Reached skill level 10 in Shields
 14275 | Lair:2   | Found a staircase to the Snake Pit.
 14530 | Lair:2   | Noticed an eight-headed hydra
 14812 | Lair:2   | Killed an 11-headed hydra
 14871 | Lair:2   | Reached XP level 13. HP: 115/131 MP: 12/12
 15066 | D:10     | Bought an amulet of regeneration for 360 gold pieces
 15229 | Lair:2   | Reached skill level 15 in Unarmed Combat
 15796 | Lair:3   | Identified the +4 rapier of Termination {drain, rC+++ Str+5
                  | Int-4}
 16512 | Lair:4   | Found a staircase to the Slime Pits.
 16612 | Lair:4   | Identified a scroll of acquirement
 16613 | Lair:4   | Acquired a manual of Fighting
 17104 | Lair:5   | Entered Level 5 of the Lair of Beasts
 17129 | Lair:4   | Reached skill level 10 in Fighting
 17160 | Lair:4   | Reached skill level 16 in Unarmed Combat
 17466 | Lair:5   | Reached XP level 14. HP: 142/144 MP: 13/13
 17906 | Lair:5   | Reached ****** piety under Wu Jian
 18592 | Orc:1    | Entered Level 1 of the Orcish Mines
 18616 | Orc:1    | Noticed Maurice
 18629 | Orc:1    | Killed Maurice
 18630 | Orc:1    | Reached skill level 17 in Unarmed Combat
 18681 | Orc:1    | Noticed Josephine
 18687 | Orc:1    | Killed Josephine
 18689 | Orc:1    | Noticed Snorg
 18785 | Orc:1    | Killed Snorg
 19080 | Orc:2    | Entered Level 2 of the Orcish Mines
 19080 | Orc:2    | Noticed an orc warlord
 19117 | Orc:1    | Killed an orc warlord
 19644 | Orc:2    | Paralysed by an orc sorcerer for 2 turns
 19672 | Orc:2    | Noticed Rupert
 19673 | Orc:2    | Paralysed by Rupert for 4 turns
 19689 | Orc:2    | Killed Rupert
 19799 | Orc:2    | Noticed an orc warlord
 19828 | Orc:2    | Killed an orc warlord
 20162 | Orc:2    | Found a staircase to the Elven Halls.
 20318 | Orc:1    | Noticed an orc warlord
 20318 | Orc:1    | Found Orumylu's Book Shoppe.
 20355 | Orc:2    | Killed an orc warlord
 20680 | Orc:1    | Bought a book of Geomancy for 180 gold pieces
 20680 | Orc:1    | Bought a book of Cantrips for 120 gold pieces
 20682 | Orc:1    | Learned a level 1 spell: Apportation
 20685 | Orc:1    | Learned a level 2 spell: Lesser Beckoning
 20688 | Orc:1    | Learned a level 2 spell: Passwall
 20782 | Orc:1    | Found a runed translucent gate.
 20782 | Orc:1    | Found a runed translucent gate.
 20783 | Orc:1    | Found a runed translucent gate.
 20784 | Orc:1    | Noticed Luopp's ghost (journeyman MiFi)
 20861 | Orc:2    | Noticed Donald
 20877 | Orc:2    | Killed Donald
 20878 | Orc:2    | Reached XP level 15. HP: 136/156 MP: 14/14
 21119 | Orc:2    | Found Sung's Antique Weapon Emporium.
 21144 | Orc:2    | Found Puor's General Store.
 21146 | Orc:2    | Found Soczal's Magic Scroll Boutique.
 21152 | Orc:2    | Bought a scroll of identify for 32 gold pieces
 21152 | Orc:2    | Bought a scroll of identify for 32 gold pieces
 21157 | Orc:2    | Bought a potion of heal wounds for 70 gold pieces
 21167 | Orc:2    | Found Myoniax's Book Shop.
 21279 | Orc:2    | Reached skill level 18 in Unarmed Combat
 21338 | Orc:2    | Found a staircase to the Elven Halls.
 21386 | Orc:2    | Found Sung's Antique Weapon Emporium.
 21397 | Orc:2    | Found Puor's General Store.
 21400 | Orc:2    | Found Soczal's Magic Scroll Boutique.
 21412 | Orc:2    | Found Myoniax's Book Shop.
 22881 | D:13     | Found a gate to the Vaults.
 23066 | D:13     | Found a hazy altar of Hepliaklqana.
 24008 | D:15     | Entered Level 15 of the Dungeon
 24435 | D:15     | Found a staircase to the Depths.
 24679 | D:15     | Reached skill level 19 in Unarmed Combat
 24761 | D:15     | Reached XP level 16. HP: 170/170 MP: 15/15
 25022 | D:15     | Paralysed by an orc sorcerer for 2 turns
 25073 | D:15     | Noticed Jorgrun
 25091 | D:15     | Killed Jorgrun
 25176 | D:15     | Found a stormy altar of Qazlal.
 25525 | Temple   | Entered the Ecumenical Temple
 25782 | Snake:1  | Entered Level 1 of the Snake Pit
 25782 | Snake:1  | Noticed Louise
 25783 | Snake:1  | Noticed Kirke
 26008 | Lair:2   | Killed Kirke
 26128 | Snake:1  | Killed Louise
 26129 | Snake:1  | Reached skill level 20 in Unarmed Combat
 27041 | Snake:1  | Found Jotyap's Jewellery Emporium.
 27041 | Snake:1  | Found Wassueb's Book Boutique.
 27042 | Snake:1  | Found Rigylaen's Book Boutique.
 27050 | Snake:1  | Bought the ring "Tyopuecad" {rElec rPois Dex+4} for 551
                  | gold pieces
 27126 | Snake:1  | Noticed Aizul
 27137 | Snake:1  | Killed Aizul
 27220 | Snake:2  | Found a frozen archway.
 27230 | IceCv    | Entered an ice cave
 27357 | IceCv    | Reached skill level 21 in Unarmed Combat
 27450 | IceCv    | Reached skill level 1 in Earth Magic
 27476 | IceCv    | Reached skill level 1 in Transmutations
 27491 | IceCv    | Reached skill level 1 in Spellcasting
 27854 | Snake:2  | Reached XP level 17. HP: 178/178 MP: 19/19
 28263 | Snake:2  | Found Faskycey's General Store.
 28320 | Snake:2  | Bought a scroll of acquirement for 624 gold pieces
 28322 | Snake:2  | Acquired the +2 cloak of the Other Side {rPois}
 28755 | Snake:3  | Noticed Vashnia
 29194 | Snake:3  | Killed Vashnia
 29233 | Snake:3  | Reached skill level 5 in Earth Magic
 29359 | Snake:3  | Found a runed translucent door.
 29359 | Snake:3  | Noticed middlethird's ghost (journeyman VSAE)
 29387 | Snake:3  | Found a transporter.
 29592 | Snake:3  | Found a radiant altar of Vehumet.
 29866 | Snake:3  | Killed middlethird's ghost
 29956 | Swamp:1  | Entered Level 1 of the Swamp
 30512 | Swamp:1  | You fall into a shaft and drop 1 floor!
 30512 | Swamp:2  | Noticed Frances
 30519 | Swamp:2  | Killed Frances
 30520 | Swamp:2  | Reached skill level 5 in Transmutations
 30701 | Swamp:1  | Paralysed by a hornet for 3 turns
 31195 | Swamp:1  | Identified the ring "Esoyhem" {rPois Int+6}
 31379 | Swamp:2  | Identified the +6 scale mail of Zuph {Harm rF+ Int+3}
 33606 | Snake:4  | Entered Level 4 of the Snake Pit
 33838 | Snake:3  | Reached XP level 18. HP: 183/185 MP: 21/21
 36302 | Snake:4  | Reached skill level 10 in Earth Magic
 36358 | Snake:4  | Got a serpentine rune of Zot
 36909 | Swamp:4  | Entered Level 4 of the Swamp
 37212 | Swamp:4  | Paralysed by a hornet for 2 turns
 38460 | Swamp:4  | Noticed Bai Suzhen
 38651 | Swamp:4  | Got a decaying rune of Zot
 38758 | Swamp:4  | Killed Bai Suzhen
 38806 | Swamp:4  | Identified the +3 great sword of Unbearable Optimality
                  | {vamp, +Blink Dex+3}
 39137 | D:5      | Killed Charmandara's ghost
 39550 | Orc:1    | Killed Luopp's ghost
 40014 | Elf:1    | Entered Level 1 of the Elven Halls
 40071 | Elf:1    | Noticed a Hell Sentinel
 40080 | Elf:1    | Reached XP level 19. HP: 155/193 MP: 22/22
 40274 | Elf:1    | Reached skill level 10 in Transmutations
 40299 | Elf:1    | Got the Volume of the Familiar
 40354 | Elf:1    | Paralysed by an air elemental for 1 turns
 41008 | Elf:2    | Found Ethryoj's Assorted Antiques.
 41008 | Elf:2    | Found Miphur's Antique Armour Boutique.
 41197 | Elf:2    | Found Etroc's Weapon Shop.
 41197 | Elf:2    | Found Lustedy's Armour Boutique.
 41202 | Elf:2    | Bought an ichor-stained cloak for 199 gold pieces
 41202 | Elf:2    | Identified the +0 cloak "Riat" {rPois rN+} (You bought it
                  | in a shop on level 2 of the Elven Halls)
 41225 | Elf:2    | Bought 2 throwing nets for 60 gold pieces
 41228 | Elf:2    | Bought a potion of berserk rage for 90 gold pieces
 41228 | Elf:2    | Bought a scroll of poison for 72 gold pieces
 41467 | Elf:2    | Found a runed translucent gate.
 41467 | Elf:2    | Found a runed translucent gate.
 41467 | Elf:2    | Found a runed translucent gate.
 42125 | Elf:3    | Entered Level 3 of the Elven Halls
 42609 | Elf:3    | Paralysed by an air elemental for 1 turns
 42694 | Elf:2    | Found a shimmering blue altar of Sif Muna.
 42759 | Elf:3    | Paralysed by an air elemental for 1 turns
 42896 | Elf:3    | Found Bonwobuq's General Store.
 43478 | Elf:3    | Identified the amulet of the Beastly God {Spirit Fly rN++}
 43507 | Elf:3    | Reached XP level 20. HP: 67/202 MP: 23/23
 43628 | Elf:3    | Bought a potion of curing for 60 gold pieces
 43632 | Elf:3    | Identified the +4 morningstar "Lidasovy" {freeze, rPois rF+
                  | Will+}
 43633 | Elf:3    | Identified the +7 dire flail of Durable Offence {speed, rF+
                  | Will+ Stlth+}
 43638 | Elf:3    | Identified the +7 hand axe of the Elven Halls {heavy, Fly
                  | Stlth+}
 43641 | Elf:3    | Identified the staff of conjuration "Yplod" {Contam Dex+6}
 43656 | Abyss:2  | Found a corrupted altar of Lugonu.
 43656 | Abyss:2  | Cast into level 2 of the Abyss (a deep elf demonologist)
 43722 | Abyss:2  | Found a corrupted altar of Lugonu.
 43803 | Elf:3    | Escaped the Abyss
 43993 | Elf:3    | HP: 6/185 [deep elf annihilator/iron shot (41)]
 43998 | Elf:3    | HP: 9/185 [poisoned by a deep elf elementalist]
 44545 | Elf:3    | Identified the staff of death "Tackid" {rPois rN+}
 44549 | Elf:3    | Identified the staff of conjuration "Liunuxeq" {+Blink
                  | Stlth+}
 44557 | Elf:3    | Identified the staff of death "Caput" {rN+ Dex+3}
 44604 | Elf:3    | Got the Handbook of the Charnel Barrage
 44883 | Vaults:1 | Entered Level 1 of the Vaults
 45551 | Vaults:1 | Reached skill level 15 in Earth Magic
 46401 | Vaults:1 | Found Didisakh's General Store.
 46406 | Vaults:1 | Bought a scroll of blinking for 150 gold pieces
 46406 | Vaults:1 | Bought a potion of invisibility for 160 gold pieces
 46406 | Vaults:1 | Bought 3 scrolls of fear for 240 gold pieces
 46406 | Vaults:1 | Bought 5 datura-tipped darts for 90 gold pieces
 47524 | Vaults:2 | Found a transporter.
 48160 | Vaults:2 | Noticed Nikola
 48172 | Vaults:2 | Killed Nikola
 48494 | Vaults:2 | Found a transporter.
 48666 | Vaults:3 | Reached XP level 21. HP: 183/210 MP: 24/24
 49859 | Vaults:3 | Found Cihaleost's Armour Shop.
 50005 | Vaults:3 | Paralysed by a sphinx for 5 turns
 50124 | Vaults:3 | Found a staircase to the Crypt.
 50124 | Vaults:3 | Found a basalt altar of Yredelemnul.
 50124 | Vaults:3 | Found an ancient bone altar of Kikubaaqudgha.
 50769 | Vaults:4 | Found a flickering gateway to a bazaar.
 50778 | Bazaar   | Entered a bazaar
 50794 | Bazaar   | Found Vifryimm's Jewellery Emporium.
 50795 | Bazaar   | Found Plog's Antique Weapon Emporium.
 50838 | Bazaar   | Found Golaanig's Antique Weapon Shoppe.
 50838 | Bazaar   | Found Rit Evir's Distillery.
 50860 | Bazaar   | Bought a potion of curing for 27 gold pieces
 50860 | Bazaar   | Bought a potion of curing for 27 gold pieces
 50860 | Bazaar   | Bought a potion of haste for 90 gold pieces
 50860 | Bazaar   | Bought a potion of curing for 27 gold pieces
 50860 | Bazaar   | Bought a potion of ambrosia for 72 gold pieces
 50860 | Bazaar   | Bought a potion of curing for 27 gold pieces
 50860 | Bazaar   | Bought a potion of might for 36 gold pieces
 50860 | Bazaar   | Bought a potion of curing for 27 gold pieces
 51089 | Vaults:4 | Found a magical portal.
 51094 | WizLab   | Entered Zonguldrok's Shrine
 51684 | WizLab   | Noticed an antique lich
 51691 | WizLab   | Killed an antique lich
 51749 | WizLab   | Found the +9 sword of Zonguldrok {reap}
 52345 | Vaults:4 | Reached XP level 22. HP: 223/223 MP: 19/25
 53141 | Crypt:1  | Entered Level 1 of the Crypt
 53307 | Crypt:1  | Reached skill level 22 in Unarmed Combat
 54310 | Crypt:2  | Noticed Grunn
 54320 | Crypt:2  | Killed Grunn
 54700 | Crypt:2  | Noticed Saint Roka
 54719 | Crypt:2  | Killed Saint Roka
 55758 | Crypt:2  | Identified the +9 war axe of Beogh's Hope {pain, rC++
                  | Stlth-}
 55920 | Crypt:2  | Reached skill level 15 in Fighting
 56457 | Crypt:3  | Entered Level 3 of the Crypt
 57291 | Crypt:3  | Noticed a curse toe
 57291 | Crypt:3  | Identified the ring of Ticieboso {rPois rN+}
 57292 | Crypt:3  | Identified the ring "Ichaskoth" {rPois rN+ Str+3}
 57489 | Crypt:3  | Noticed Sojobo
 57518 | Crypt:3  | Paralysed by an air elemental for 1 turns
 57522 | Crypt:3  | Killed from afar by a tengu reaver

Illustrated notes

Levels and vault maps discovered:
D:1:      sevenhm_arrival_forest_fort_small_3, layout_loops_cross,
          minmay_misc_feat_cross, kennysheep_minor_cross, nicolae_eternal_life,
          minivault_24, minmay_strange_pillars, minmay_tall_x
D:2:      layout_loops_cross, basic_altar, serial_rivers,
          chequers_serial_rivers_marsh, chequers_serial_rivers_large_a,
          chequers_serial_rivers_large_b, chequers_serial_rivers_room_a,
          chequers_serial_rivers_micro_b, uniq_robin
D:3:      layout_loops_ring, fedhas_altar_1, serial_glass, glass_columns_a,
          glass_columns_a, serial_shops, shop
D:4:      layout_basic, lemuel_tele_altar, vehumet_crystals,
          makhleb_altar_promises_db, serial_shops,
          nicolae_shop_getting_attention
D:5:      layout_basic, mainiacjoe_overflow_six_doors_small,
          gammafunk_ghost_abyssal_escape
D:6:      cheibrodos_helix_gallery, layout_rooms,
          minmay_temple_entry_from_below_a, centaur_isle, uniq_duvessa
D:7:      layout_loops_cross, general_overflow_altar, okawaru_metal_pillars_1_2,
          uniq_pikel
D:8:      layout_loops_cross, lemuel_coloured_pillars_altar,
          gammafunk_temple_overflow_elements, grunt_lair_entry_orc_guard_hut,
          hellmonk_guarded_unrand_zhor, uniq_joseph
D:9:      layout_rooms, grunt_ashenzari_visionary
          [grunt_ashenzari_visionary_swamp, grunt_ashenzari_visionary_snake],
          hellmonk_guarded_unrand_gyre_and_gimble
D:10:     layout_loops_ring, nicolae_overflow_crystal_walls, enter_bailey_3,
          serial_shops, nicolae_shop_gaudy_bauble, minivault_5,
          nicolae_two_hexagons
D:11:     layout_grid_maze
D:12:     layout_basic, orc_0_dummy
D:13:     layout_long_grid, david_vaults_1, minmay_misc_feat_more_columns,
          worldfamousw_hep_ancestral_shrine
D:14:     layout_irregular_city, serial_park_avenue1
D:15:     gammafunk_depths_entry_grave, layout_basic,
          nicolae_qazlal_scattered_showers, uniq_jorgrun
Temple:   compressed_dpeg_circular_temple
Lair:1:   layout_layer_cave, st_stairs_3, infiniplex_staircase_pool, uniq_erica,
          uniq_harold
Lair:2:   beargit_carnivore_pack, layout_misc_corridors,
          nicolae_swamp_entry_splash_gauntlet, guppyfry_snake_entry_island
Lair:3:   layout_chaotic_city
Lair:4:   layout_gridlike, minmay_slime_entry_oklob_open, grunt_megastairs_4
Lair:5:   grunt_lair_end_beastmaster, layout_regular_city, grunt_megastairs_5,
          lemuel_fruit_tree
Swamp:1:  nicolae_swamp_secret_spriggan_hideout, layout_basic_swamp,
          evilmike_swamp_ruin_house_1
Swamp:2:  layout_basic_swamp, nicolae_swamp_some_circles,
          nicolae_swamp_little_swirl, uniq_frances
Swamp:3:  layout_basic_swamp, nicolae_swamp_well_well_well, swamp_pool4
Swamp:4:  swamp_alternative, layout_basic_swamp, uniq_bai_suzhen
Snake:1:  layout_misc_corridors, minmay_shop_grove, uniq_louise, uniq_aizul,
          uniq_kirke
Snake:2:  layout_grid_shapes, serial_shops, shop,
          portal_ice_cave_entry_ice_statue_one,
          nicolae_snake_ghostly_warrior_ritual
Snake:3:  gammafunk_sealed_library, layout_cave_shapes,
          hellmonk_ghost_happy_afterlife, serial_bayou_shore_b, uniq_vashnia
Snake:4:  grunt_snake_rune_pools, layout_onion, nicolae_snake_gridmaze_entwining
Orc:1:    layout_caves, ebering_ghost_rock_garden, serial_shops,
          nicolae_shop_tiny_waterfront, basic_altar, hangedman_minor_magic,
          uniq_josephine, uniq_maurice, uniq_snorg
Orc:2:    hellmonk_orc_salted, layout_caves, nicolae_orc_flooded_monolith,
          uniq_donald, uniq_rupert
Elf:1:    elf_arrival_001, layout_geoelf_diagonals, minmay_elf_demonology,
          laboratory
Elf:2:    nicolae_elf_blades_splatter_lattice [grunt_blade_entry_basic],
          layout_rooms, minmay_shoptagon, lemuel_upstairs_altar
Elf:3:    minmay_elf_hall_not_hex, layout_gridlike, serial_shops, shop
Vaults:1: nicolae_vaults_meiosis, hangedman_vaults_restitches,
          grunt_vaults_hallway_short, nicolae_vaults_alarming,
          nicolae_vaults_prndl, ontoclasm_vaults_gateway,
          nicolae_vaults_diamond_1, nicolae_vaults_closet_pinwheel_6, v_misc_25,
          vaults_dpeg_ring, nicolae_vaults_storage_closets_1,
          nicolae_vaults_shelves_hall, layout_vaults_omnigrid, serial_shops,
          shop
Vaults:2: vaults_dpeg_doors, gammafunk_sealed_arena,
          nicolae_vaults_little_squares_2, nicolae_vaults_house_2,
          grunt_vaults_twisty, nicolae_vaults_more_shelving_2,
          nicolae_vaults_trapezoid_3, dpeg_vaults_monster_box,
          layout_vaults_big_room, uniq_nikola
Vaults:3: nicolae_vaults_layer_cake_slice, v_misc_8, v_misc_26,
          hangedman_vaults_variations, nicolae_vaults_network_s, v_rooms_6,
          vaults_room_pools, minmay_crypt_entry_necro_gods,
          nicolae_vaults_circle_grid_a, ontoclasm_vaults_spin, v_misc_18,
          nicolae_vaults_layer_cake_slice, layout_vaults_ring, serial_shops,
          nicolae_square_shop
Vaults:4: mu_enter_wizlab_1, vaults_mumra_minichess, v_misc_24, v_misc_23,
          nicolae_vaults_apartment_1, nicolae_vaults_closet_pinwheel_5,
          v_pattern_2, nicolae_vaults_stairing_the_circle,
          nicolae_vaults_fighting_squares, nicolae_vaults_theta, v_misc_14,
          nicolae_vaults_diamond_1, nicolae_vaults_specimen_jars,
          layout_vaults_maze_snakey, serial_shops, bzr_entry_water
Crypt:1:  layout_regular_city, minivault_14
Crypt:2:  layout_basic, roderic_lattice_octagonal_star, uniq_josephina,
          uniq_saint_roka, uniq_grunn
Crypt:3:  david_glass_crypt, layout_misc_corridors, uniq_sojobo

Skill      XL: |  1  2  3  4  5  6  7  8  9 10 11 12 13 14 15 16 17 18 19 20 21 22 |
---------------+-------------------------------------------------------------------+-----
Shields        | 3 4 5 6 7 8 9 10 11 12 13 14 | 14.5
Unarmed Combat | 3 4 5 6 8 10 12 13 14 16 17 19 21 22 | 22.8
Fighting       | 3 4 5 6 7 8 9 10 12 13 14 15 | 15.1
Dodging        | 3 5 6 7 9 |  9.9
Earth Magic    | 3 8 11 14 16 18 | 18.6
Transmutations | 2 6 9 11 13 14 | 14.2
Spellcasting   | 2 3 |  3.3

Action                     |  1- 3 |  4- 6 |  7- 9 | 10-12 | 13-15 | 16-18 | 19-21 | 22-24 || total
---------------------------+-------+-------+-------+-------+-------+-------+-------+-------++-------
  Melee: Unarmed           |    86 |   148 |   323 |   525 |  1051 |  1265 |  1669 |   380 ||  5447
  Throw: Dart              |       |     3 |       |    78 |    30 |    18 |     9 |       ||   138
         Boomerang         |       |       |       |     8 |   172 |   318 |    11 |       ||   509
         Large rock        |       |       |       |       |     8 |   103 |    24 |     2 ||   137
   Cast: Statue Form       |       |       |       |       |       |       |    18 |    34 ||    52
 Invoke: Serpent's Lash    |       |       |       |     1 |    16 |    28 |    17 |     3 ||    65
         Heavenly Storm    |       |       |       |       |     1 |     4 |     4 |       ||     9
Ability: Lunge             |       |    13 |    14 |    66 |   107 |   151 |   174 |    45 ||   570
         Whirlwind         |       |       |     3 |     9 |    42 |    65 |    54 |     2 ||   175
         Wall Jump         |       |       |       |       |       |     1 |       |     1 ||     2
  Evoke: Wand              |       |       |       |     1 |     2 |     4 |     1 |       ||     8
    Use: Potion            |     1 |     2 |     7 |    11 |    14 |    10 |    13 |     2 ||    60
         Scroll            |       |     9 |     1 |    14 |    19 |    12 |    10 |     4 ||    69
   Stab: Sleeping          |     1 |       |     1 |     6 |       |     1 |     1 |       ||    10
         Distracted        |       |       |     1 |       |     1 |       |     1 |     1 ||     4
         Petrified         |       |       |       |     6 |       |       |       |       ||     6
         Invisible         |       |       |       |       |     2 |     1 |     3 |       ||     6
 Armour: Robe              |    40 |       |       |       |       |       |       |       ||    40
         Animal skin       |     2 |    55 |    83 |    93 |   173 |   282 |   173 |     4 ||   865
         Skin              |       |       |       |       |       |       |    42 |   157 ||   199
  Dodge: Dodged            |    20 |    36 |    81 |   161 |   242 |   449 |   365 |    90 ||  1444
  Block: Kite shield       |    32 |    51 |   140 |   197 |   381 |   679 |   716 |   261 ||  2457
         Reflection        |       |       |       |       |    15 |    94 |    77 |     6 ||   192
